 Dungeon Crawl Stone Soup version 0.29-a0-872-g797fff5ad1 (webtiles) character file.

Game seed: 12783732820788392480

35 sakkuzi the Trooper (level 3, 0/24 HPs)
             Began as a Gargoyle Fighter on July 19, 2022.
             Slain by a gnoll
             ... wielding a +0 flail
              (5 damage)
             ... on level 2 of the Dungeon.
             The game lasted 00:02:47 (1232 turns).

sakkuzi the Trooper (Gargoyle Fighter)              Turns: 1232, Time: 00:02:48

Health: 0/24       AC: 11    Str: 21    XL:     3   Next: 33%
Magic:  3/3        EV:  9    Int:  8    God:
Gold:   115        SH:  4    Dex:  9    Spells: 2/2 levels left

rFire   . . .      SeeInvis .   a - +0 flail
rCold   . . .      Faith    .   c - +0 buckler
rNeg    + . .      Spirit   .   b - +0 scale mail
rPois   ∞          Reflect  .   i - +0 helmet
rElec   +          Harm     .   (no cloak)
rCorr   .          Rampage  .   (no gloves)
Will    .....                   (no boots)
Stlth   ..........              (no amulet)
HPRegen 0.08/turn               (no ring)
MPRegen 0.08/turn               (no ring)

@: no status effects
A: sickness immunity, AC +3, negative energy resistance 1, electricity
resistance, torment resistance 1, petrification resistance
a: no special abilities


You were on level 2 of the Dungeon.
You visited 1 branch of the dungeon, and saw 2 of its levels.

You collected 115 gold pieces.

Inventory:

Hand Weapons
 a - a +0 flail (weapon)
Missiles
 f - 43 stones (quivered)
Armour
 b - a +0 scale mail (worn)
 c - a +0 buckler (worn)
 i - a +0 helmet (worn)
Scrolls
 g - a scroll of teleportation {unknown}
 h - a scroll of enchant armour {unknown}
 j - a scroll of vulnerability {unknown}
Potions
 d - a potion of might
 e - a potion of mutation {unknown}
 k - a potion of invisibility {unknown}


   Skills:
 + Level 3.8 Fighting
 + Level 2.3 Maces & Flails
 + Level 3.5 Armour
 + Level 0.2 Dodging
 + Level 3.7 Shields


You had 2 spell levels left.
You didn't know any spells.
Your spell library was empty.

Dungeon Overview and Level Annotations

Branches:
Dungeon (2/15)

Altars:


Innate Abilities, Weirdness & Mutations

You are immune to sickness and miasma.
Your stone body is resilient. (AC +3)
You are immune to poison.
You resist negative energy. (rN+)
You are resistant to electric shocks. (rElec)
You are resistant to unholy torment.
You are immune to petrification.


Message History

The giant cockroach is heavily wounded.
The giant cockroach bites you but does no damage.
You closely miss the giant cockroach.
The giant cockroach is moderately wounded.
The giant cockroach barely misses you. x2
You barely miss the giant cockroach.
The giant cockroach is moderately wounded.
The giant cockroach bites you but does no damage.
You completely miss the giant cockroach.
The giant cockroach is moderately wounded.
The giant cockroach bites you but does no damage. x2
You hit the giant cockroach but do no damage.
The giant cockroach is moderately wounded.
You block the giant cockroach's attack.
The giant cockroach bites you but does no damage.
You hit the giant cockroach.
You kill the giant cockroach!
A gnoll comes into view. It is wielding a +0 spear.
Found a club.
The gnoll shouts!
You see here a giant cockroach corpse.
Found a stone staircase leading down.
You see here 8 gold pieces.
You now have 115 gold pieces (gained 8).
A gnoll comes into view. It is wielding a +0 flail.
The gnoll shouts!
The gnoll hits you with a +0 spear.
You closely miss the gnoll. The gnoll hits you with a +0 spear.
The gnoll hits you but does no damage.
You closely miss the gnoll. The gnoll hits you but does no damage.
You hit the gnoll but do no damage. The gnoll hits you with a +0 flail.
You block the gnoll's attack. The gnoll attacks as you move away!
The gnoll hits you with a +0 flail. The gnoll hits you but does no damage.
The gnoll attacks as you move away! The gnoll hits you but does no damage.
A gnoll comes into view. It is wielding a +0 flail.
The gnoll hits you from afar with a +0 spear!
* * * LOW HITPOINT WARNING * * *
The gnoll attacks as you move away! The gnoll hits you with a +0 flail.
You die...

.#...#....# ....#.#..#
## ###.....#..# .. ...
..g........ ... #..#
#......#.##....
...###....#.#..#....
........#†#.#.......
#................
#....gg@....#......
##.........#.# ##..
#............# .#..#
............#...##...##
......................#
..>...................#
.......................
.#.........#..<).......
.......................


You could see 3 gnolls.

Vanquished Creatures
  2 dart slugs (D:1)
  2 bats (D:1)
  3 endoplasms
  3 giant cockroaches
  3 hobgoblins (D:1)
  2 jackals (D:1)
  3 kobolds (D:1)
  2 quokkas (D:1)
  2 frilled lizards (D:1)
  3 goblins
  2 rats (D:1)
27 creatures vanquished.

Notes
Turn   | Place    | Note
-------+----------+-------------------------------------------
     0 | D:1      | sakkuzi the Gargoyle Fighter began the quest for the Orb.
     0 | D:1      | Reached XP level 1. HP: 14/14 MP: 1/1
   266 | D:1      | Reached XP level 2. HP: 11/20 MP: 2/2
   799 | D:1      | Reached XP level 3. HP: 24/24 MP: 3/3
  1232 | D:2      | Slain by a gnoll

Illustrated notes

Levels and vault maps discovered:
D:1:      minmay_arrival_shattered_statue, layout_loops_corners,
          minmay_pentomino_v4
D:2:      layout_rooms, grunt_ministairs_12

Action                   || total
-------------------------++-------
Melee: Flail             ||    93
Throw: Stone             ||     5
  Use: Scroll            ||     1
Armor: Scale mail        ||    49
Dodge: Dodged            ||    45
Block: Buckler           ||    30

Table legend: (Time is in decaauts)
 A = Elapsed time spent in this place.
 B = Non-inter-level travel time spent in this place.
 C = Inter-level travel time spent in this place.
 D = Time resting spent in this place.
 E = Time spent auto-exploring this place.
 F = Levels seen in this place.
 G = Mean time per level.
                   A        B        C        D        E       F      G
               +--------+--------+--------+--------+--------+-----+--------+
         Total |   1263 |   1263 |      0 |    143 |    527 |   2 |  631.5 |
       Dungeon |   1263 |   1263 |      0 |    143 |    527 |   2 |  631.5 |
               +--------+--------+--------+--------+--------+-----+--------+

Top non-repeatable levels by time:
     D:1: 1212 daAuts
     D:2: 51 daAuts
